[Event "Gibraltar Challengers A 2019"]
[Site "Caleta"]
[Date "2019.01.22"]
[Round "2"]
[White "Spacapan, Simon"]
[Black "Adewole, Adeyinka"]
[Result "1/2-1/2"]
[ECO "B09"]
[WhiteElo "2061"]
[BlackElo "1972"]
[Annotator "NA"]
[PlyCount "208"]
[EventDate "2019.01.18"]
[EventType "swiss"]
[EventCountry "GGB"]
[SourceTitle "playchess.com"]
[Source "ChessBase"]
[SourceQuality "1"]
[TimeControl "6600+10"]

1. e4 d6 2. d4 g6 3. Nc3 Bg7 4. f4 Nf6 5. Nf3 O-O 6. Bd3 c5 7. dxc5 dxc5 8. e5 Nd5 9. Nxd5 Qxd5 10. Qe2 Nc6 11. Be4 Qd7 12. Be3 b6 13. h4 Bb7 14. h5 Rfd8 15. hxg6 hxg6 16. Ng5 e6 17. c3 Ne7 18. Rd1 Qxd1+ 19. Qxd1 Rxd1+ 20. Kxd1 Rd8+ 21. Ke2 Bxe4 22. Nxe4 Nd5 23. Rd1 Ra8 24. c4 Ne7 25. Rd7 Kf8 26. Nd6 f6 27. Nb5 Ke8 28. Rb7 Kd8 29. exf6 Bxf6 30. b3 Nc6 31. Rf7 Be7 32. Rg7 Kd7 33. Rxg6 Rf8 34. Nc3 Bd6 35. g3 Rh8 36. Rg7+ Be7 37. Ne4 Rh2+ 38. Bf2 Nd4+ 39. Kd3 Nf5 40. Rg8 Nd6 41. Nxd6 Rxf2 42. Ne4 Rxa2 43. g4 Bd6 44. Rg7+ Kc6 45. Nxd6 Kxd6 46. g5 Rb2 47. Kc3 Rf2 48. Rf7 a6 49. g6 Rg2 50. Rf6 Rg3+ 51. Kc2 Ke7 52. Rf7+ Ke8 53. Rb7 Rxg6 54. Rxb6 Kd7 55. Rxa6 Rf6 56. Ra7+ Kd6 57. Ra6+ Kd7 58. Ra5 Kc6 59. Ra6+ Kb7 60. Rd6 Kc7 61. Ra6 Kd7 62. Ra5 Kc6 63. Ra6+ Kc7 64. Kd3 Kb7 65. Rd6 Kc7 66. Ra6 Kb7 67. Ra5 Rxf4 68. Rxc5 Rf3+ 69. Kc2 Re3 70. Rg5 Kc6 71. Rh5 Kd6 72. Rb5 Kc6 73. Kd2 Rh3 74. b4 Ra3 75. Re5 Kd6 76. Re3 Ra2+ 77. Kd3 e5 78. Ke4 Rb2 79. Rd3+ Kc6 80. Kxe5 Rxb4 81. Kd4 Rb8 82. Rg3 Rd8+ 83. Kc3 Rd1 84. Re3 Rc1+ 85. Kd4 Rd1+ 86. Kc3 Rc1+ 87. Kb3 Kc5 88. Re5+ Kc6 89. Rg5 Rd1 90. Kc2 Rd4 91. Kc3 Rd1 92. Rg3 Kc5 93. Rg5+ Kc6 94. Kb4 Rb1+ 95. Kc3 Rc1+ 96. Kd3 Rd1+ 97. Kc2 Rd4 98. Kb3 Rd1 99. Rg2 Kc5 100. Rg5+ Kc6 101. Ka4 Rb1 102. Rd5 Rb8 103. Ra5 Rb1 104. Rd5 Rb8 1/2-1/2

[Event "Gibraltar Challengers A 2019"]
[Site "Caleta"]
[Date "2019.01.22"]
[Round "2"]
[White "Bujakevich, Aleksandr"]
[Black "Lacrosse, Marc"]
[Result "1/2-1/2"]
[ECO "C54"]
[WhiteElo "2054"]
[BlackElo "2182"]
[Annotator "NA"]
[PlyCount "78"]
[EventDate "2019.01.18"]
[EventType "swiss"]
[EventCountry "GGB"]
[SourceTitle "playchess.com"]
[Source "ChessBase"]
[SourceQuality "1"]
[TimeControl "6600+10"]

1. e4 e5 2. Nf3 Nc6 3. Bc4 Bc5 4. c3 Nf6 5. d3 a6 6. Bb3 O-O {[%emt 0:00:36] C54: Giuoco Piano: 4 c3 Nf6, main lines with 5 d4 and 5 d3} 7. Nbd2 h6 8. O-O Ba7 9. Re1 Re8 10. Nf1 d6 11. Ng3 Be6 12. Bxe6 Rxe6 13. d4 Re8 (13... d5 14. Nxe5 Nxe5 15. dxe5 Nxe4 16. Nxe4 dxe4 17. Bf4 Qxd1 18. Raxd1 {½-½ (40) McShane,L (2664)-Jones,G (2682) London 2018}) 14. d5 Ne7 15. Nh4 Kh7 $146 ({Predecessor:} 15... Qd7 16. Qf3 Qg4 17. Nhf5 Qxf3 18. gxf3 {1-0 (51) Gimenez Menchon,C (2132)-Garcia Martin,M (1929) Mislata 2014}) 16. Qf3 Qd7 17. Nhf5 Nxf5 18. Nxf5 Qd8 19. g4 Ng8 20. g5 g6 21. Nxh6 Nxh6 22. gxh6 Rf8 23. Kh1 Qh4 24. Be3 Bxe3 25. Qxe3 f5 26. Qg3 Qxh6 $15 (26... Qh5 $17) 27. Re2 Rf6 28. Rg1 Raf8 29. f3 fxe4 30. fxe4 Rf3 31. Qg5 Qxg5 32. Rxg5 Kh6 33. Rg3 Kh5 34. Kg2 Rxg3+ 35. hxg3 Kg4 36. Re3 g5 37. c4 b6 38. Ra3 a5 39. Rc3 Rf7 1/2-1/2

[Event "Gibraltar Challengers A 2019"]
[Site "Caleta"]
[Date "2019.01.22"]
[Round "2"]
[White "Kozarcanin, Sead"]
[Black "Brown, David"]
[Result "1-0"]
[ECO "A07"]
[WhiteElo "2048"]
[BlackElo "1931"]
[Annotator "NA"]
[PlyCount "129"]
[EventDate "2019.01.18"]
[EventType "swiss"]
[EventCountry "GGB"]
[SourceTitle "playchess.com"]
[Source "ChessBase"]
[SourceQuality "1"]
[TimeControl "6600+10"]

1. Nf3 Nf6 2. g3 d5 3. d3 c6 4. Bg2 g6 5. O-O Bg7 6. Nbd2 O-O 7. e4 dxe4 8. dxe4 Na6 9. Qe2 Nc5 10. Rd1 Qa5 11. c3 Qa6 12. Qxa6 Nxa6 13. e5 Ng4 14. Re1 Nc5 15. h3 Nh6 16. Bf1 Rd8 17. g4 Nd3 18. Re3 Nxc1 19. Rxc1 Kf8 20. Ne4 Ng8 21. Rce1 Bh6 22. g5 Bg7 23. Ng3 h5 24. Nd4 Rd5 25. f4 a5 26. Bg2 Rd8 27. a4 Ra6 28. Rf1 e6 29. Ne4 Ne7 30. Nd6 Rb6 31. Rf2 Bd7 32. Nc4 Ra6 33. Rd2 Nc8 34. Nb3 b6 35. Bxc6 Ke8 36. Red3 Ra7 37. Kf2 Bf8 38. Ke3 Be7 39. Rxd7 Raxd7 40. Bb5 Bf8 41. Ke4 Ke7 42. Bxd7 Rxd7 43. Rxd7+ Kxd7 44. Nd4 Bc5 45. Nc2 Kc6 46. Nd4+ Kd7 47. Nb3 Be7 48. Kd3 Kc6 49. Nd4+ Kc5 50. Nb3+ Kc6 51. Ncd2 Kd5 52. Ne4 Kc6 53. Kc4 Bf8 54. Nd4+ Kd7 55. Kb5 Kc7 56. Nc6 Kd7 57. Nf6+ Kc7 58. b4 axb4 59. cxb4 Kb7 60. Nd8+ Kc7 61. Nxf7 Na7+ 62. Kc4 Nc6 63. Ne4 Bxb4 64. Nh8 Be1 65. Nxg6 1-0

[Event "Gibraltar Challengers A 2019"]
[Site "Caleta"]
[Date "2019.01.22"]
[Round "2"]
[White "Lung, Liviu-Catalin"]
[Black "Obiamiwe, Paul"]
[Result "1/2-1/2"]
[ECO "C84"]
[WhiteElo "2036"]
[BlackElo "1903"]
[Annotator "NA"]
[PlyCount "78"]
[EventDate "2019.01.18"]
[EventType "swiss"]
[EventCountry "GGB"]
[SourceTitle "playchess.com"]
[Source "ChessBase"]
[SourceQuality "1"]
[TimeControl "6600+10"]

1. e4 e5 2. Nf3 Nc6 3. Bb5 a6 4. Ba4 Nf6 5. d4 b5 6. Bb3 exd4 7. O-O Be7 8. e5 Ne4 9. Nxd4 {[%emt 0:09:22] C84: Closed Ruy Lopez: Unusual White 6th moves} (9. Bd5 Nc5 {Predecessor:} 10. Nxd4 Bb7 11. Nf5 (11. Bf4 Nxd4 12. Bxb7 Nxb7 13. Qxd4 Nc5 14. Qd5 O-O 15. Nc3 c6 16. Qd2 f6 17. Rad1 fxe5 18. Bxe5 {1-0 (38) Dominguez Luzon,F (2006)-Anton Caturla,S (1855) Spain 2011}) 11... Bf8 12. Nc3 g6 13. Nh6 Bxh6 14. Bxh6 Ne6 15. Ne4 Qh4 16. Nf6+ Ke7 17. Bxe6 Nxe5 18. Bd5 Kxf6 19. Bxb7 {1-0 (32) Grischuk,A (2737)-Nepomniachtchi,I (2767) Doha 2016}) 9... Nc5 10. Nxc6 $146 dxc6 11. Qf3 Nxb3 12. axb3 Qd5 13. Qg3 Bb7 14. Nc3 Qe6 15. Bg5 O-O 16. Ne4 c5 17. Bf6 Bxf6 18. exf6 g6 19. Nxc5 Qc6 20. Nxb7 Qxb7 21. Qg5 Qc6 22. Rae1 Rfe8 23. Re3 h6 24. Qf4 $14 g5 25. Qf5 Re6 26. Rxe6 Qxe6 27. Qxe6 fxe6 28. Rd1 Kf7 29. Rd7+ Kxf6 30. Rxc7 Rd8 31. Kf1 Rd1+ 32. Ke2 Rb1 33. Kd2 Rf1 34. Ke2 Rb1 35. Kf3 h5 36. h3 Rxb2 37. Ke4 Rb1 38. Rc6 Re1+ 39. Kf3 Ra1 1/2-1/2

[Event "Gibraltar Challengers A 2019"]
[Site "Caleta"]
[Date "2019.01.22"]
[Round "2"]
[White "Sedgwick, David"]
[Black "Hestvik, Elias"]
[Result "1/2-1/2"]
[ECO "C22"]
[WhiteElo "2024"]
[BlackElo "1740"]
[Annotator "NA"]
[PlyCount "99"]
[EventDate "2019.01.18"]
[EventType "swiss"]
[EventCountry "GGB"]
[SourceTitle "playchess.com"]
[Source "ChessBase"]
[SourceQuality "1"]
[TimeControl "6600+10"]

1. e4 e5 2. d4 exd4 3. Qxd4 Nc6 4. Qe3 Bb4+ 5. Bd2 Qe7 6. Nc3 Nf6 7. O-O-O O-O 8. Bd3 Re8 9. Nd5 Bxd2+ 10. Qxd2 Nxd5 11. exd5 Ne5 12. Nf3 d6 13. Nxe5 dxe5 14. Rhe1 Bg4 15. f3 Bh5 16. Qc3 a6 17. Kb1 Bg6 18. Bxg6 hxg6 19. f4 e4 20. Qe3 Rad8 21. h4 Qxh4 22. Rh1 Rxd5 23. Rc1 Qg4 24. Qb3 Rb5 25. Qc3 c6 26. a4 Rh5 27. Rhe1 Qxf4 28. Qb3 Qc7 29. Re2 b5 30. Rf1 Qd7 31. Ref2 Rd5 32. Rxf7 Qxf7 33. Rxf7 Kxf7 34. axb5 axb5 35. c4 bxc4 36. Qb7+ Re7 37. Qxc6 Rde5 38. Qxc4+ R5e6 39. Kc1 e3 40. Kd1 e2+ 41. Ke1 Re8 42. Qd5 Kg8 43. g4 g5 44. b4 Kh8 45. Qd7 R8e7 46. Qd8+ Re8 47. Qd7 R6e7 48. Qd5 Re5 49. Qd6 R5e6 50. Qd7 1/2-1/2

[Event "Gibraltar Challengers A 2019"]
[Site "Caleta"]
[Date "2019.01.22"]
[Round "2"]
[White "Hassomal Daswani, Birjkumar"]
[Black "Onabogun, Kolade"]
[Result "0-1"]
[ECO "B21"]
[WhiteElo "2008"]
[BlackElo "2189"]
[Annotator "NA"]
[PlyCount "60"]
[EventDate "2019.01.18"]
[EventType "swiss"]
[EventCountry "GGB"]
[SourceTitle "playchess.com"]
[Source "ChessBase"]
[SourceQuality "1"]
[TimeControl "6600+10"]

1. e4 c5 2. f4 d5 3. exd5 Qxd5 4. Nc3 Qd8 5. Nf3 Nc6 6. Bc4 Nf6 7. O-O e6 8. a4 Be7 9. d3 O-O 10. Kh1 b6 11. Ne5 Bb7 12. Bd2 a6 13. Ne2 b5 14. Bb3 Nxe5 15. fxe5 Ng4 16. axb5 axb5 17. Rxa8 Qxa8 18. Nf4 Nxe5 19. Qe2 Nc6 20. c3 Bd6 21. Nh5 Ne5 22. d4 cxd4 23. cxd4 Ng6 24. Rxf7 Rxf7 25. Qxe6 Kh8 26. Kg1 Rf8 27. h3 Qa1+ 28. Be1 Bb4 29. Qd7 Qxe1+ 30. Kh2 Qe7 0-1

[Event "Gibraltar Challengers A 2019"]
[Site "Caleta"]
[Date "2019.01.22"]
[Round "2"]
[White "Vinal Gutierrez, Pedro"]
[Black "Saber, Yasser"]
[Result "1-0"]
[ECO "D02"]
[WhiteElo "1997"]
[BlackElo "2201"]
[Annotator "NA"]
[PlyCount "133"]
[EventDate "2019.01.18"]
[EventType "swiss"]
[EventCountry "GGB"]
[SourceTitle "playchess.com"]
[Source "ChessBase"]
[SourceQuality "1"]
[TimeControl "6600+10"]

1. d4 d5 2. Bf4 Nf6 3. e3 c5 4. c3 Nc6 5. Nd2 e6 6. Ngf3 Be7 7. h3 {[%emt 0:01:19] LiveBook: 104 Games} O-O 8. Bd3 b6 9. O-O Bb7 10. Ne5 Nxe5 11. Bxe5 Qc8 {[%emt 0:10:11] D02: 1 d4 d5 2 Nf3 sidelines, including 2...Nf6 3 g3 and 2...Nf6 3 Bf4} 12. Re1 $146 ({Predecessor:} 12. Qe2 a5 13. dxc5 bxc5 14. c4 Nd7 15. Bg3 Bf6 16. Nf3 dxc4 17. Bxc4 Bxf3 18. gxf3 Be5 19. f4 {0-1 (79) Dzindzichashvili,R (2542)-Psakhis,L (2598) ICC INT 2001}) 12... Rd8 13. Qf3 Nd7 14. Bf4 f5 15. Qg3 Nf8 16. Nf3 Ba6 17. Bc2 Ng6 18. Rac1 Qd7 19. h4 Bd6 20. Bxd6 Qxd6 21. Qxd6 Rxd6 22. h5 Nf8 23. Ba4 Bc8 24. Ne5 Bd7 25. Bd1 Be8 26. Nd3 Rc8 27. g3 Nd7 28. Kg2 Nf6 29. Rh1 Bb5 30. Ne5 Nd7 31. f4 Nxe5 32. fxe5 Rd7 33. Bc2 Rf7 34. Kf2 Kf8 35. h6 g6 36. Kf3 Ke7 37. Rh2 Rg8 38. Bb1 Kd8 39. Rd1 g5 40. Bc2 g4+ 41. Kf4 Rd7 42. Re1 Ke7 43. Rh5 Rdd8 44. Rh2 Rc8 45. Bb1 Bc4 46. Rd1 a5 47. Rhd2 Ba6 (47... a4 $15 {keeps the upper hand.}) 48. Rh2 Bc4 49. Rhd2 Rc6 $2 50. Rh1 Ba6 51. Bc2 b5 52. dxc5 Rxc5 53. Bd3 Bb7 54. Be2 b4 55. cxb4 axb4 56. Bd3 Ra5 57. Rc1 Kd7 58. Rdc2 Rc8 59. Rxc8 Bxc8 60. Kg5 Rxa2 61. Kf6 Rxb2 62. Kg7 Rd2 63. Bb5+ Kd8 64. Kxh7 b3 65. Kg7 Rc2 66. Rb1 Rh2 67. h7 $18 1-0

[Event "Gibraltar Challengers A 2019"]
[Site "Caleta"]
[Date "2019.01.22"]
[Round "2"]
[White "Burke, Mitchell R"]
[Black "Abdulraheem Abdulrahman Akint"]
[Result "0-1"]
[ECO "C31"]
[WhiteElo "1994"]
[BlackElo "2224"]
[Annotator "NA"]
[PlyCount "75"]
[EventDate "2019.01.18"]
[EventType "swiss"]
[EventCountry "GGB"]
[SourceTitle "playchess.com"]
[Source "ChessBase"]
[SourceQuality "1"]
[TimeControl "6600+10"]

1. e4 e5 2. f4 d5 3. exd5 c6 4. d4 exd4 5. Nf3 Bb4+ 6. c3 dxc3 7. Nxc3 Nf6 8. Qe2+ Be7 9. dxc6 Nxc6 10. Be3 O-O 11. Rd1 Qa5 12. Qb5 Bb4 13. Qxa5 Bxa5 14. Bb5 Ng4 15. Bc5 Re8+ 16. Kd2 Be6 17. h3 Nf6 18. Rhe1 Bd5 19. Ne5 Ne4+ 20. Rxe4 Bxc3+ 21. Kxc3 Bxe4 22. Nxf7 Kxf7 23. Bc4+ Kg6 24. Rd7 h6 25. Bf7+ Kh7 26. Bxe8 Rxe8 27. Rxb7 Bxg2 28. b4 Rc8 29. Rd7 Bxh3 30. Rd6 a6 31. a4 h5 32. b5 (32. Bf2 $142) 32... axb5 33. axb5 Nd8 34. Kb4 $19 (34. Rd5 $142 Bg4 35. Kb4) 34... Nb7 35. Rd5 Rxc5 36. Rxc5 Nxc5 37. Kxc5 Bg2 38. Kd4 0-1

[Event "Gibraltar Challengers A 2019"]
[Site "Caleta"]
[Date "2019.01.22"]
[Round "2"]
[White "Lutz, Juergen"]
[Black "Suez-Panama, Gilles"]
[Result "0-1"]
[ECO "A25"]
[WhiteElo "1960"]
[BlackElo "2078"]
[Annotator "NA"]
[PlyCount "80"]
[EventDate "2019.01.18"]
[EventType "swiss"]
[EventCountry "GGB"]
[SourceTitle "playchess.com"]
[Source "ChessBase"]
[SourceQuality "1"]
[TimeControl "6600+10"]

1. c4 e5 2. Nc3 Nc6 3. g3 f5 4. e4 {[%emt 0:02:59] A25: English Opening vs King's Indian with ...Nc6 but without early d3} (4. Bg2 Nf6 5. d3 Bb4 6. Nf3 Bxc3+ 7. bxc3 d6 8. Bg5 Bd7 9. Nd2 h6 10. Bxf6 Qxf6 11. Rb1 Rb8 12. Qa4 O-O 13. O-O e4 14. dxe4 Qxc3 {1-0 (51) Malakhov,V (2722)-Zhou,J (2613) China 2017}) 4... Nf6 5. Bg2 Bc5 6. Nf3 d6 7. O-O $146 ({Predecessor:} 7. d3 O-O 8. O-O fxe4 9. dxe4 Be6 10. b3 Nd4 11. Qd3 Nxf3+ 12. Bxf3 Qd7 13. Na4 Bd4 {0-1 (34) Kraev,A (2368)-Smirnov,A (2404) Gornozavodsk 2010}) 7... O-O 8. h3 a6 9. d3 Qe8 10. Nd5 Nxd5 11. cxd5 Nd4 12. Nxd4 Bxd4 13. Kh2 f4 14. Bd2 Bxb2 15. Rb1 Bd4 16. Rc1 Qf7 17. gxf4 exf4 18. Bf3 Qf6 19. Rxc7 Qh4 20. Bg4 Bxf2 21. Bc3 Rf7 22. Rxc8+ Rxc8 23. Bxc8 f3 24. Rg1 $19 (24. Kh1 $17 Qg3 25. Rg1 Bxg1 26. Qxg1) 24... Bxg1+ 25. Qxg1 f2 26. Qf1 Qf4+ 27. Kh1 Qf3+ 28. Kh2 Qf4+ 29. Kh1 Rc7 30. Be6+ Kh8 31. Bb2 Rc2 32. Ba3 Rc3 33. Bxd6 Qxd6 34. Qxf2 Rxd3 35. Qc2 Rf3 36. Qc8+ Rf8 37. Qxb7 Qg3 38. Qxa6 Qe1+ 39. Kg2 Rf2+ 40. Kg3 Rxa2+ 0-1

[Event "Gibraltar Challengers A 2019"]
[Site "Caleta"]
[Date "2019.01.22"]
[Round "2"]
[White "Sikkel, Dirk"]
[Black "Ungureanu, Sandu"]
[Result "1/2-1/2"]
[ECO "B13"]
[WhiteElo "1943"]
[BlackElo "2057"]
[Annotator "NA"]
[PlyCount "165"]
[EventDate "2019.01.18"]
[EventType "swiss"]
[EventCountry "GGB"]
[SourceTitle "playchess.com"]
[Source "ChessBase"]
[SourceQuality "1"]
[TimeControl "6600+10"]

1. e4 c6 2. d4 d5 3. exd5 cxd5 4. Bd3 Nc6 5. c3 Nf6 6. Bf4 a6 7. Nd2 Bg4 8. Ngf3 e6 9. h3 Bxf3 10. Nxf3 Bd6 11. Bxd6 Qxd6 12. O-O O-O 13. Re1 Nd7 14. Qc2 g6 15. Rad1 b5 16. Re2 Qf4 17. Qc1 Qxc1 18. Rxc1 Nb6 19. Ne5 Nxe5 20. Rxe5 Rfc8 21. Rce1 Na4 22. R1e2 Rab8 23. f4 a5 24. a3 b4 25. cxb4 axb4 26. R5e3 Nxb2 27. Rxb2 bxa3 28. Rxb8 Rxb8 29. Re2 Rb4 30. Ra2 Rxd4 31. Rxa3 Rxf4 32. g3 Rb4 33. Kf2 g5 34. Ke3 h5 35. Be2 h4 36. g4 Kg7 37. Bf3 Kf6 38. Ra7 Rb3+ 39. Kf2 Rb2+ 40. Kg1 d4 41. Rd7 Rd2 42. Bg2 Kg7 43. Be4 Kf6 44. Bg2 Rd3 45. Kf2 e5 46. Rd8 Rc3 47. Rd6+ Ke7 48. Rd5 f6 49. Rb5 Rc2+ 50. Kf1 Rc7 51. Be4 Rc3 52. Kg2 Rg3+ 53. Kh2 Re3 54. Bf5 d3 55. Rd5 e4 56. Bxe4 Rxe4 57. Rxd3 Re2+ 58. Kg1 Ke6 59. Rf3 Rd2 60. Rf5 Rd5 61. Rf2 f5 62. gxf5+ Rxf5 63. Ra2 Rf3 64. Kg2 Rg3+ 65. Kh2 Re3 66. Ra6+ Kf5 67. Ra5+ Kf4 68. Kg2 Re2+ 69. Kf1 Rd2 70. Ra4+ Kg3 71. Rg4+ Kxh3 72. Rxg5 Kh2 73. Rg8 h3 74. Rg7 Rg2 75. Rh7 Rg5 76. Kf2 Rf5+ 77. Ke2 Kg2 78. Rg7+ Kh1 79. Rh7 h2 80. Rh8 Rf4 81. Ke3 Rg4 82. Kf3 Rg2 83. Ra8 1/2-1/2

[Event "Gibraltar Challengers A 2019"]
[Site "Caleta"]
[Date "2019.01.22"]
[Round "2"]
[White "Nandi, Robin J"]
[Black "Kandic, Milan"]
[Result "0-1"]
[ECO "B32"]
[WhiteElo "1903"]
[BlackElo "2136"]
[Annotator "NA"]
[PlyCount "102"]
[EventDate "2019.01.18"]
[EventType "swiss"]
[EventCountry "GGB"]
[SourceTitle "playchess.com"]
[Source "ChessBase"]
[SourceQuality "1"]
[TimeControl "6600+10"]

1. e4 c5 2. Nf3 Nc6 3. d4 cxd4 4. Nxd4 e5 5. Nb5 d6 6. N1c3 a6 7. Na3 b5 8. Nd5 Be6 9. c4 bxc4 10. Qa4 Bxd5 11. exd5 Qa5+ 12. Qxa5 Nxa5 13. Nxc4 Nxc4 14. Bxc4 Be7 15. Bd2 Nf6 16. b4 Ne4 17. Be3 O-O 18. O-O f5 19. a4 f4 20. Bb6 Rfb8 21. Ba5 Bd8 22. Bxd8 Rxb4 23. Bxa6 Rxa6 24. a5 Nc3 25. Rfe1 Kf7 26. Rac1 Nxd5 27. Rb1 Rxb1 28. Rxb1 Ra8 29. Bb6 Nxb6 30. axb6 Rb8 31. Kf1 Ke6 32. Ke2 Rb7 33. h4 Kd7 34. Kf3 Kc6 35. g3 fxg3 36. Kxg3 Rxb6 37. Ra1 Rb7 38. Ra8 Rf7 39. Re8 Kd5 40. Rd8 Ke6 41. Re8+ Re7 42. Ra8 d5 43. Kf3 Rf7+ 44. Ke3 d4+ 45. Ke2 Kf5 46. Ra5 Kf4 47. Rd5 Ra7 48. Rd8 Ra2+ 49. Ke1 Ke4 50. Rd7 Kd3 51. Rxg7 Ra1# 0-1

[Event "Gibraltar Challengers A 2019"]
[Site "Caleta"]
[Date "2019.01.22"]
[Round "2"]
[White "Fischer, Gerd"]
[Black "Janiszewski, Maciej"]
[Result "0-1"]
[ECO "D02"]
[WhiteElo "1845"]
[BlackElo "2146"]
[Annotator "NA"]
[PlyCount "62"]
[EventDate "2019.01.18"]
[EventType "swiss"]
[EventCountry "GGB"]
[SourceTitle "playchess.com"]
[Source "ChessBase"]
[SourceQuality "1"]
[TimeControl "6600+10"]

1. d4 Nc6 2. Nf3 d5 3. Bf4 Bg4 4. e3 e6 5. h3 Bh5 6. Be2 Bd6 7. Bxd6 cxd6 8. O-O Nf6 9. c4 Bxf3 10. Bxf3 dxc4 11. d5 Ne5 12. dxe6 fxe6 13. Bxb7 Rb8 14. Bf3 Rxb2 15. Na3 d5 16. Qd4 Nxf3+ 17. gxf3 Qb6 18. Qe5 O-O 19. Rab1 Rxb1 20. Rxb1 Nd7 21. Qc3 Qa6 22. f4 Nc5 23. Rb5 Nd3 24. Ra5 Qb6 25. Rb5 Qc6 26. Qa5 d4 27. Rg5 Qf3 28. Qxa7 Qxf2+ 29. Kh1 g6 30. Qxd4 Rxf4 31. Qb6 Qf1+ 0-1

[Event "Gibraltar Challengers A 2019"]
[Site "Caleta"]
[Date "2019.01.22"]
[Round "2"]
[White "Francois-Haugrin, Said"]
[Black "Cao Armillas, Jesus"]
[Result "0-1"]
[ECO "B49"]
[WhiteElo "1825"]
[BlackElo "2048"]
[Annotator "NA"]
[PlyCount "43"]
[EventDate "2019.01.18"]
[EventType "swiss"]
[EventCountry "GGB"]
[SourceTitle "playchess.com"]
[Source "ChessBase"]
[SourceQuality "1"]
[TimeControl "6600+10"]

1. e4 c5 2. Nf3 e6 3. d4 cxd4 4. Nxd4 a6 5. Be2 Nf6 6. Nc3 Nc6 7. O-O Qc7 8. Be3 Bb4 9. Qd3 Ne5 10. Qd1 Bxc3 11. bxc3 Nxe4 12. Bf4 d6 13. c4 Nc3 14. Qd2 Nxe2+ 15. Nxe2 Nxc4 16. Qc3 e5 17. Qg3 O-O 18. Bg5 f5 19. f3 f4 20. Qh4 Ne3 21. Rfc1 h6 22. Bxh6 0-1

[Event "Gibraltar Challengers A 2019"]
[Site "Caleta"]
[Date "2019.01.22"]
[Round "2"]
[White "Hng, Mei-Xian Eunice"]
[Black "Kukic, Boris"]
[Result "0-1"]
[ECO "C93"]
[WhiteElo "1718"]
[BlackElo "2035"]
[Annotator "NA"]
[PlyCount "166"]
[EventDate "2019.01.18"]
[EventType "swiss"]
[EventCountry "GGB"]
[SourceTitle "playchess.com"]
[Source "ChessBase"]
[SourceQuality "1"]
[TimeControl "6600+10"]

1. e4 e5 2. Nf3 Nc6 3. Bb5 a6 4. Ba4 Nf6 5. O-O b5 6. Bb3 h6 7. h3 d6 8. c3 Be7 9. Re1 O-O 10. d3 Na5 11. Bc2 Nh7 12. Nbd2 c5 13. Nf1 Nc6 14. Ng3 Bf6 15. Nh2 Bg5 16. Ng4 Bxc1 17. Rxc1 Qg5 18. Nf5 Bxf5 19. exf5 Rfe8 20. Qf3 Rac8 21. Bb3 Ne7 22. Ne3 Nf6 23. g3 h5 24. h4 Qh6 25. Rcd1 Rc7 26. Kh2 Rd8 27. Kh3 d5 28. Rg1 d4 29. g4 Nxg4 30. Nxg4 hxg4+ 31. Rxg4 Qf6 32. Rg5 Kf8 33. Qh5 g6 34. Qh6+ Qg7 35. Qxg7+ Kxg7 36. fxg6 Nxg6 37. Kg4 f6 38. Rf5 Ne7 39. Rf3 c4 40. dxc4 bxc4 41. Ba4 Rc5 42. Rg3 Ra5 43. b3 Kh6 44. Kh3 Ng6 45. cxd4 Rxd4 46. Rxd4 exd4 47. Rg4 Ne5 48. Rxd4 c3 49. Rd1 Rc5 50. Rc1 Nd3 51. b4 Nxb4 52. Bb3 a5 53. Kg3 Kg7 54. Kf3 Nd3 55. Rg1+ Kh6 56. Ke2 c2 57. Bxc2 Rxc2+ 58. Kxd3 Rxa2 59. Ke3 Kh5 60. Rh1 a4 61. Rb1 Kxh4 62. Rb6 Kg5 63. Ra6 Ra3+ 64. Ke4 f5+ 65. Kd4 Kf4 66. Rh6 Ra2 67. Rh4+ Kg5 68. Rh2 Ra3 69. Kc4 Ra1 70. Kb4 Kf4 71. Kc3 Kf3 72. Kb4 Rf1 73. Kxa4 Rxf2 74. Rh8 Rb2 75. Ka3 Rb7 76. Rf8 f4 77. Ka2 Kg3 78. Rg8+ Kf2 79. Rf8 f3 80. Ka3 Kg2 81. Rg8+ Kf1 82. Rf8 f2 83. Ka2 Rg7 0-1

[Event "Gibraltar Challengers A 2019"]
[Site "Caleta"]
[Date "2019.01.23"]
[Round "3"]
[White "Castrillon Gomez, Melissa"]
[Black "Alarcon Olmos, Daniel"]
[Result "1-0"]
[ECO "B28"]
[WhiteElo "2244"]
[BlackElo "2124"]
[Annotator "NA"]
[PlyCount "99"]
[EventDate "2019.01.18"]
[EventType "swiss"]
[EventCountry "GGB"]
[SourceTitle "playchess.com"]
[Source "ChessBase"]
[SourceQuality "1"]
[TimeControl "6600+10"]

1. e4 c5 2. Nf3 a6 3. c3 g6 4. d4 cxd4 {[%emt 0:03:18] B28: Sicilian: 2 Nf3 a6 (O'Kelly Variation)} 5. cxd4 Nf6 6. e5 Ne4 $146 ({Predecessor:} 6... Nd5 7. Bc4 Nb6 8. Bb3 d5 9. h3 Bg7 10. Nc3 O-O 11. O-O Nc6 12. Re1 {1-0 (37) Kulaots,K (2573)-Vorobjov,P (2215) Viljandi 2017}) 7. Bd3 Qa5+ 8. Nbd2 d5 9. O-O Nxd2 $1 10. Nxd2 Nc6 11. Nb3 Qb6 12. Be3 Bg7 13. Qd2 O-O 14. Nc5 Qb4 15. Qc1 f6 16. f4 fxe5 17. dxe5 Kh8 18. Nxa6 Qa5 19. Nc5 Nb4 (19... g5) 20. Bb1 Qb5 21. a4 Qe2 22. Qd2 Qxd2 23. Bxd2 Nc6 24. Bd3 g5 25. fxg5 Rxf1+ 26. Rxf1 Nxe5 27. Bc3 ({Better is} 27. Bb5 $14) 27... d4 28. Bb4 b6 29. Be4 $17 bxc5 30. Bxa8 cxb4 31. Rc1 Ba6 32. Bc6 Nd3 33. Rc2 e5 34. Bb5 b3 35. Rc7 Bxb5 36. axb5 Bf8 37. b6 Nc5 38. b7 Nxb7 39. Rxb7 e4 40. Rxb3 d3 41. Rb8 Kg7 42. Rxf8 Kxf8 43. Kf2 Ke7 44. Ke3 Kd6 45. h4 Ke5 46. g4 Kd5 47. h5 Kc4 48. g6 Kb3 49. gxh7 Kc2 50. h8=Q 1-0

[Event "Gibraltar Challengers A 2019"]
[Site "Caleta"]
[Date "2019.01.23"]
[Round "3"]
[White "Meszaros, Andras"]
[Black "Lim, Zhuo Ren"]
[Result "0-1"]
[ECO "E54"]
[WhiteElo "2226"]
[BlackElo "2178"]
[Annotator "NA"]
[PlyCount "166"]
[EventDate "2019.01.18"]
[EventType "swiss"]
[EventCountry "GGB"]
[SourceTitle "playchess.com"]
[Source "ChessBase"]
[SourceQuality "1"]
[TimeControl "6600+10"]

1. d4 Nf6 2. c4 e6 3. Nf3 c5 4. e3 cxd4 5. exd4 d5 6. Nc3 Bb4 7. Bd3 dxc4 8. Bxc4 O-O 9. O-O b6 10. Bg5 Bb7 11. a3 Bxc3 12. bxc3 Nbd7 {[%emt 0:00:12] E54: Nimzo-Indian: Rubinstein: Main Line: 7...dxc4 8 Bxc4} 13. Bd3 {[%emt 0:01:10] LiveBook: 5 Games} Qc7 14. c4 Ng4 15. d5 exd5 16. cxd5 Qd6 17. Qa4 {[%emt 0:18:25] [#]} Ngf6 $146 ({Predecessor:} 17... Nge5 18. Nxe5 Nxe5 19. Rad1 Nxd3 20. Rxd3 {½-½ (40) Guliev,S (2484)-Lutz,C (2609) Kusadasi 2006}) 18. Rad1 Nc5 19. Qd4 Nxd3 20. Bxf6 Qxf6 21. Qxd3 Rad8 22. Qb5 Qf5 23. Qa4 Rxd5 24. Rxd5 Bxd5 25. Qxa7 Bxf3 26. gxf3 Qxf3 27. Qxb6 Qxa3 28. Rd1 h6 29. Qd6 Qf3 30. Rd3 Qf5 31. Rb3 Qc8 32. Rg3 Kh8 33. Qd4 Qc1+ 34. Kg2 Qc6+ 35. Kg1 Rg8 36. Rc3 Qe6 37. Re3 Qf5 38. Rg3 Qb1+ 39. Kg2 Qb7+ 40. Kg1 Kh7 41. Qc3 g6 42. Qb3 Qe7 43. Re3 Qg5+ 44. Rg3 Qc1+ 45. Kg2 Qc6+ 46. Kg1 Rf8 47. Rc3 Qd7 48. Rf3 Kg8 49. Rd3 Qe7 50. Re3 Qg5+ 51. Rg3 Qc1+ 52. Kg2 Qc6+ 53. Qf3 Qc4 54. Rg4 Qc5 55. Qe3 Qxe3 56. fxe3 Re8 57. Kf3 Kg7 58. Ra4 Kf6 59. Rf4+ Kg7 60. Ra4 Re5 61. Ra6 Rh5 62. Kg3 Rf5 63. Rb6 Ra5 64. Rc6 Ra4 65. Rb6 g5 66. Rc6 f6 67. Rb6 Kg6 68. Rb5 h5 69. Rb2 h4+ 70. Kg2 g4 71. Kf2 Kf5 72. Rc2 Kg5 73. Rb2 f5 74. Rc2 Rb4 75. Ra2 Rc4 76. Rb2 Ra4 77. Rc2 h3 78. Ke2 Ra1 79. Kd3 Rd1+ 80. Kc4 Rg1 81. Kd4 Rg2 $19 82. Rc8 Rxh2 83. e4 fxe4 0-1